 Dungeon Crawl Stone Soup version 0.17.1-2-g5865329 (webtiles) character file.

216 Jerry the Sneak (level 5, -5/34 HPs)
             Began as an Octopode Fire Elementalist on Jan 29, 2016.
             Killed from afar by Sigmund (9 damage)
             ... with a magic dart
             ... on level 3 of the Dungeon.
             The game lasted 00:17:08 (3525 turns).

Jerry the Sneak (Octopode Fire Elementalist)        Turns: 3525, Time: 00:17:10

Health: -5/34      AC:  1    Str:  8    XL:     5   Next: 93%
Magic:  9/9        EV: 13    Int: 17    God:
Gold:   126        SH:  0    Dex: 13    Spells: 1 memorised, 8 levels left

rFire  . . .     SeeInvis .     e - +1 dagger (venom)
rCold  . . .     Clarity  .     (no shield)
rNeg   . . .     SustAt   .     (helmet restricted)
rPois  .         Gourm    +     o - amulet of the gourmand
rElec  .         Spirit   .     (no ring)
rCorr  .         Warding  .     (no ring)
rMut   .         Stasis   .     (no ring)
MR     .....                    (no ring)
Stlth  ++++......               (no ring)
                                (no ring)
                                (no ring)
                                (no ring)

@: very slightly contaminated, invisible, not resistant to hostile enchantments,
stealthy
A: almost no armour, amphibious, 8 rings, constrict 8, camouflage 1, gelatinous
body 1
a: no special abilities


You were on level 3 of the Dungeon.
You were not hungry.

You visited 1 branch of the dungeon, and saw 3 of its levels.

You collected 126 gold pieces.

Inventory:

Hand Weapons
 e - a +1 dagger of venom (weapon)
 p - a +2 vampiric dagger
Missiles
 c - 3 javelins (quivered)
Jewellery
 k - an uncursed amulet of stasis
 o - an amulet of the gourmand (around mantle)
Wands
 x - a wand of polymorph (8)
Scrolls
 d - 2 scrolls of noise
 i - 2 scrolls of identify {unknown}
 l - a scroll of fog {unknown}
 m - 3 scrolls of teleportation {unknown}
 s - a scroll of remove curse {unknown}
 w - 2 scrolls of enchant weapon {unknown}
Potions
 j - a potion of agility {unknown}
 q - a potion of curing
 t - 2 potions of poison
 v - a potion of resistance
Books
 a - a book of Flames

   Spells                             Type                      Level
   a - Flame Tongue                   Conjuration/Fire             1
   b - Throw Flame                    Conjuration/Fire             2
   c - Conjure Flame                  Conjuration/Fire             3
   d - Inner Flame                    Hexes/Fire                   3
   e - Sticky Flame                   Conjuration/Fire             4
   f - Fireball                       Conjuration/Fire             5
Comestibles
 b - 4 bread rations
 g - 4 meat rations
 r - a fruit


   Skills:
 + Level 2.1 Fighting
 + Level 2.8 Dodging
 + Level 4.5 Stealth
 + Level 2.7 Spellcasting
 + Level 2.2 Conjurations
 + Level 3.7 Fire Magic


You had 8 spell levels left.
You knew the following spells:

 Your Spells              Type           Power        Failure   Level  Hunger
a - Flame Tongue          Conj/Fire      ##...        6%          1    #......


Dungeon Overview and Level Annotations

Branches:
Dungeon (3/15)

Altars:
Dithmenos
Kikubaaqudgha
Yredelemnul

Annotations:
D:3 Sigmund


Innate Abilities, Weirdness & Mutations

You cannot wear most types of armour.
You are amphibious.
You can wear up to eight rings at the same time.
You can use your tentacles to constrict eight enemies at once.
Your skin changes colour to match your surroundings (Stealth).
Your rubbery body absorbs attacks (AC +1).


Message History

The ooze is almost dead.
You kill the ooze!
Things that are here:
a flail; a leather armour Sigmund closely misses you.
Things that are here:
a flail; a ring mail You closely miss Sigmund.
You grab Sigmund.
You constrict Sigmund, but do no damage.
Sigmund misses you.
You closely miss Sigmund. You squeeze Sigmund!
Sigmund is moderately wounded.
You constrict Sigmund.
You catch the helpless Sigmund completely off-guard!
You puncture Sigmund!
Sigmund is poisoned.
Sigmund is severely wounded.
You constrict Sigmund, but do no damage.
Sigmund gestures at you while chanting. The magic dart hits you!
You die...

## .. #.######## .. #........#
...###. ##.############
.......#####.#.#.).)..>..########
......†@..o.###@@#######.......[.
.J...##J.#.## ##.################
o.. #...## ##.......# o #..#.#
#.######.# #.(##.# #.# #.# ###
#..# #%#.# #.# ... .... ..# #.#
#.# ##...##.##########.# #.#
#....(. ..........#


You could see Sigmund.

Vanquished Creatures
  An orc priest (D:3)
  Jessica (D:3)
  Terence (D:3)
  A gnoll (D:3)
  2 adders (D:3)
  2 oozes
  2 worms
  2 giant geckos
  6 orcs (D:3)
  4 giant cockroaches
  10 goblins
  8 hobgoblins
  15 jackals
  4 kobolds
  3 quokkas
  A ball python (D:3)
  8 bats
  6 giant newts
  6 rats
83 creatures vanquished.

Notes
Turn   | Place    | Note
--------------------------------------------------------------
     0 | D:1      | Jerry the Octopode Fire Elementalist began the quest for the Orb.
     0 | D:1      | Reached XP level 1. HP: 11/11 MP: 3/3
    53 | D:1      | Reached XP level 2. HP: 17/17 MP: 5/5
   796 | D:1      | Reached XP level 3. HP: 22/22 MP: 6/6
  1039 | D:2      | Found an ancient bone altar of Kikubaaqudgha.
  1050 | D:2      | Reached skill level 1 in Fighting
  1372 | D:2      | Found a basalt altar of Yredelemnul.
  1631 | D:2      | Reached XP level 4. HP: 26/28 MP: 7/7
  2234 | D:3      | Found a shadowy altar of Dithmenos.
  2525 | D:3      | Noticed Jessica
  2684 | D:3      | Killed Jessica
  2684 | D:3      | Reached skill level 4 in Stealth
  2684 | D:3      | Reached XP level 5. HP: 31/33 MP: 5/8
  2782 | D:3      | Noticed Terence
  2806 | D:3      | Killed Terence
  3483 | D:3      | Noticed Sigmund
  3525 | D:3      | Killed from afar by Sigmund

Action                   |  1- 3 |  4- 6 || total
-------------------------+-------+-------++-------
Melee: Unarmed           |     1 |       ||     1
       Dagger            |    60 |    94 ||   154
Throw: Javelin           |    16 |     3 ||    19
 Cast: Flame Tongue      |       |     2 ||     2
  Use: Scroll            |     1 |       ||     1
       Potion            |       |     6 ||     6
 Stab: Sleeping          |    11 |     6 ||    17
       Invisible         |       |     1 ||     1
  Eat: Chunk             |     2 |     8 ||    10
